Map: Prion Terraces

Players

Pokebunny - Winner!

  • Race: Terran Terran
  • League: Grandmaster

Bioice

  • Race: Zerg Zerg
  • League: Grandmaster

VOD

Have the link to the VOD?

Description

Time

  • Played on: April 7, 2016, 10:08 a.m.
  • Length: 10:17
Show
View Real Time Build Order
Export as new Build Order

Pokebunny Terran - Winner!

Build Orders: Reaper Expand, Bio Tank 

Get SALT Encoding   

  12  0:01  SCV  
  13  0:13  SCV  
  14  0:17  Supply Depot  
  14  0:25  SCV  
  15  0:39  SCV  
  15  0:41  Barracks  
  16  0:44  Refinery  
  16  0:51  SCV  
  17  1:03  SCV  
  18  1:15  SCV  
  19  1:28  Reaper  
  19  1:29  Orbital Command  
  20  1:39  Command Center  
  20  1:49  Supply Depot  
  20  1:55  SCV  
  20  2:00  Barracks Reactor  
  21  2:05  Barracks  
  21  2:07  SCV  
  22  2:15  Barracks  
  22  2:19  SCV  
  23  2:23  Refinery  
  23  2:40  Marine x2  
  23  2:43  SCV  
  25  2:51  Orbital Command  
  25  2:53  Barracks Tech Lab  
  25  2:55  SCV  
  26  3:00  Marine x2  
  26  3:04  Marine  
  29  3:08  Factory  
  29  3:12  Marine  
  30  3:14  SCV  
  30  3:17  Stimpack  
  30  3:19  SCV  
  32  3:20  Marine  
  32  3:22  Marine  
  32  3:26  Marine  
  35  3:28  SCV  
  35  3:32  Supply Depot  
  36  3:34  SCV  
  36  3:36  Marine  
  38  3:41  SCV  
  38  3:42  Supply Depot  
  38  3:43  Marine  
  38  3:45  Marine  
  38  3:46  Marine, SCV  
  43  3:54  Starport, Marine  
  44  3:55  Factory Reactor  
  44  4:00  Engineering Bay  
  44  4:03  SCV x2  
  44  4:05  Marine  
  44  4:07  Marine  
  44  4:08  Marine  
  49  4:15  SCV x2  
  49  4:17  Refinery  
  51  4:19  Marine  
  51  4:24  Marine x2  
  53  4:26  Marine  
  53  4:28  SCV x2  
  57  4:37  Medivac  
  57  4:38  Factory Tech Lab, Medivac  
  61  4:40  SCV  
  61  4:44  Supply Depot  
  62  4:46  Supply Depot, Terran Infantry Weapons Level 1  
  62  4:53  Barracks Reactor  
  62  5:05  Marine x3, Siege Tank, Supply Depot, SCV  
  69  5:10  Barracks  
  69  5:13  Barracks  
  69  5:14  SCV  
  70  5:17  SCV  
  70  5:18  Combat Shields  
  71  5:30  Marine  
  71  5:31  Marine x4  
  64  5:47  Siege Tank, Medivac  
  64  5:48  Marine x2, SCV  
  64  5:49  SCV  
  71  5:53  Marine x2, Supply Depot  
  73  5:57  Marine  
  73  5:58  Marine  
  73  6:00  Marine  
  73  6:01  Medivac  
  78  6:06  Marine x2  
  80  6:11  Marine  
  80  6:13  Marine  
  80  6:15  Marine  
  83  6:19  Siege Tank  
  83  6:28  Marine x3  
  83  6:31  Marine x3  
  89  6:36  Supply Depot x2  
  89  6:37  Marine, Supply Depot  
  89  6:38  Medivac  
  92  6:41  Terran Infantry Armor Level 1  
  92  6:43  Medivac  
  94  6:50  Supply Depot  
  94  6:57  Command Center, Marine x5  
  99  7:08  Marine x2  
  95  7:09  Siege Tank  
  95  7:15  Marine x2  
  99  7:18  Marine  
  99  7:19  Marine  
  101  7:26  Refinery  
  101  7:30  Marine x3  
  101  7:33  Marine x2  
  101  7:34  Medivac  
  101  7:36  Marine  
  109  7:37  Supply Depot  
  109  7:41  Siege Tank  
  111  7:49  Marine  
  111  7:50  Marine  
  104  8:08  Marine  
  104  8:10  Marine x3  
  104  8:11  Marine  
  104  8:12  Medivac x2  
  113  8:13  Siege Tank  
  94  8:23  Marine x2  
  94  8:26  Marine  
  93  8:27  Marine  
  93  8:28  Marine  
  95  8:36  Marine x2  
  95  8:40  Armory  
  95  8:41  Engineering Bay, Marine x2  
  97  8:43  Barracks  
  97  8:44  Barracks  
  97  8:45  Siege Tank  
  102  9:00  Marine x3  
  102  9:01  Marine x2  
  106  9:02  Medivac  
  106  9:03  Medivac  
  100  9:12  Marine x2  
  96  9:18  Siege Tank, Orbital Command, Marine x4  
  96  9:19  Marine  
  104  9:30  Marine x2  
  100  9:36  Marine  
  95  9:41  Marine x3  
  95  9:42  Marine  
  95  9:45  Barracks Reactor  
  92  9:46  Barracks Reactor  
  89  9:58  Marine x3  
  89  9:59  Marine x2  
Show
View Real Time Build Order
Export as new Build Order

Bioice Zerg 

Build Orders: Hatch First, Muta Ling Bane 

Get SALT Encoding   

  12  0:01  Drone  
  13  0:08  Drone  
  14  0:15  Extractor  
  14  0:16  Drone  
  14  0:22  Extractor  
  14  0:23  Drone  
  14  0:27  Overlord  
  16  0:49  Hatchery  
  15  0:51  Drone  
  15  0:56  Drone  
  17  0:59  Drone  
  18  1:05  Extractor  
  17  1:14  Spawning Pool  
  17  1:17  Drone  
  17  1:20  Drone  
  18  1:28  Drone  
  19  1:38  Overlord  
  19  1:50  Drone  
  20  2:01  Queen x2  
  20  2:02  Zergling x4  
  20  2:07  Metabolic Boost  
  26  2:12  Drone  
  26  2:14  Drone  
  28  2:21  Drone  
  29  2:25  Overlord  
  29  2:31  Spore Crawler  
  29  2:35  Spore Crawler  
  29  2:36  Drone x2  
  29  2:42  Drone  
  32  2:45  Queen  
  32  2:47  Overlord  
  34  2:54  Drone  
  34  2:56  Drone  
  36  3:05  Drone x2  
  38  3:13  Drone x3, Hatchery  
  38  3:15  Drone x3  
  38  3:18  Overlord  
  42  3:34  Drone  
  42  3:36  Drone x2  
  42  3:37  Queen x2  
  49  3:47  Drone x2  
  49  3:48  Drone x2  
  53  3:50  Baneling Nest  
  53  3:52  Drone, Extractor  
  53  3:53  Drone x2  
  53  3:54  Overlord  
  54  3:57  Zergling x2  
  54  4:01  Extractor x2  
  53  4:07  Overlord  
  53  4:08  Overlord  
  53  4:20  Lair  
  53  4:26  Drone x3  
  53  4:31  Zergling x12  
  59  4:36  Drone x2  
  64  4:45  Overlord  
  64  4:46  Drone  
  64  4:47  Drone  
  66  4:53  Drone  
  66  4:54  Drone x2  
  66  4:55  Drone x3  
  72  5:03  Drone x2  
  72  5:05  Zergling x8  
  72  5:06  Hatchery, Baneling x9  
  77  5:10  Zergling x2  
  77  5:14  Overlord  
  77  5:18  Zergling x14  
  77  5:19  Centrifical Hooks  
  84  5:26  Zergling x2  
  85  5:28  Baneling  
  85  5:29  Zergling x2, Baneling x6  
  86  5:42  Zergling x12  
  84  5:49  Drone  
  84  5:50  Drone x2  
  84  5:53  Evolution Chamber  
  84  5:54  Spire, Evolution Chamber  
  84  5:55  Drone  
  84  5:56  Drone x4  
  88  5:57  Extractor  
  88  5:58  Extractor  
  88  6:00  Drone  
  88  6:02  Drone x2  
  89  6:15  Zergling x10, Hatchery  
  89  6:17  Baneling x2  
  89  6:18  Baneling x2  
  87  6:29  Zerg Melee Weapons Level 1, Zerg Ground Armor Level 1  
  87  6:30  Zergling x16  
  95  6:34  Baneling  
  95  6:35  Zergling x4, Baneling x3  
  95  6:39  Zergling x4  
  99  6:42  Zergling x2  
  99  6:44  Baneling x2  
  99  6:45  Zergling x2, Baneling x5  
  99  6:46  Zergling x4  
  103  6:53  Zergling x2  
  103  6:54  Zergling x4  
  106  6:57  Zergling x4  
  106  6:58  Baneling x2  
  106  6:59  Zergling x2, Baneling x3  
  106  7:00  Zergling x4  
  104  7:09  Mutalisk x4  
  109  7:26  Mutalisk x2  
  109  7:29  Zergling x2  
  114  7:30  Zergling x8  
  114  7:31  Overlord x4  
  114  7:32  Baneling  
  114  7:33  Extractor, Baneling x7  
  114  7:36  Overlord, Extractor  
  116  7:37  Baneling x2  
  105  7:46  Zergling x14  
  100  7:52  Baneling  
  100  7:53  Baneling x9  
  95  7:59  Zergling x20  
  95  8:02  Zergling x4  
  95  8:05  Baneling x7  
  104  8:09  Zergling x2  
  104  8:10  Baneling x2  
  84  8:20  Zergling x2  
  84  8:21  Zergling x16  
  84  8:25  Zergling x2  
  84  8:26  Zergling x2  
  86  8:27  Zergling x4  
  86  8:28  Baneling x9  
  86  8:29  Baneling x3  
  88  8:34  Zergling x4  
  88  8:37  Zergling x8  
  88  8:38  Zergling x2  
  88  8:39  Zergling x2  
  95  8:46  Mutalisk  
  97  8:49  Mutalisk  
  97  8:50  Mutalisk  
  97  8:55  Zergling x2  
  102  8:56  Baneling x3  
  102  8:57  Zergling x8, Baneling  
  102  8:58  Zergling x2  
  85  9:11  Zergling x8  
  85  9:14  Zergling x2  
  85  9:15  Zergling x2  
  85  9:16  Baneling  
  86  9:17  Baneling x5  
  86  9:18  Baneling x3  
  86  9:29  Zergling x14  
  86  9:30  Zergling x2  
  85  9:32  Baneling x6  
  85  9:33  Zergling x2  
  80  9:42  Zergling x6  
  78  9:49  Baneling  
  78  9:50  Baneling x5  
Tags
 
Add a new tag
Caveats
  • Supply blocks, unpowered buildings, or Contaminate may cause inaccurate times.
  • Supply counts are checked every 10 seconds.